 Dungeon Crawl Stone Soup version 0.18-a0-373-gaf408bd (webtiles) character file.

2120398 nago the Brawler (level 27, 268/268 HPs)
             Began as a Naga Monk on Nov 28, 2015.
             Was the Champion of Okawaru.
             Escaped with the Orb
             ... and 4 runes on Nov 29, 2015!
             The game lasted 04:10:39 (88652 turns).

nago the Brawler (Naga Monk)                       Turns: 88652, Time: 04:10:39

Health: 268/268    AC: 43    Str: 18    XL:     27
Magic:  30/40      EV: 36    Int: 19    God:    Okawaru [******]
Gold:   7052       SH: 14    Dex: 22    Spells: 9 memorised, 26 levels left

rFire  + . .     SeeInvis +       - Unarmed
rCold  + . .     Clarity  .     l - quicksilver dragon armour {MR+}
rNeg   . . .     SustAt   +     k - +0 shield of Lyepir {MR+ Regen+ Str-4 Dex+5}
rPois  +         Gourm    .     x - +2 hat of Hoho {rElec Regen+ Int+4}
rElec  +         Spirit   .     w - +2 cloak {rC+}
rCorr  .         Warding  .     q - +2 pair of gloves {archery}
rMut   .         Stasis   .     a - +4 naga barding {rF+}
MR     +++++                    V - amulet of faith {Faith, !P}
Stlth  ++........               p - ring of the Octopus King {SustAt AC+1 EV+1 Str+1 Int+1 Dex+1}
                                I - +5 ring of evasion {=R}

@: phasing (expiring), heroism, very slightly contaminated, very slow, almost
entirely resistant to hostile enchantments, unstealthy
A: see invisible, deformed body, poison resistance, slowness 2, slow metabolism
1, spit poison 2, constrict 1, AC +9
a: Spit Poison, Heroism, Finesse, Renounce Religion
0: Orb of Zot
}: 4/15 runes: barnacled, slimy, silver, gossamer


You escaped.
You worshipped Okawaru.
Okawaru was exalted by your worship.
You were very full.

You visited 12 branches of the dungeon, and saw 63 of its levels.
You also visited: Labyrinth, Ice Cave and Volcano.

You collected 9692 gold pieces.
You spent 2640 gold pieces at shops.

Inventory:

Hand Weapons
 d - a +9 blowgun
   (You bought it in a shop on level 4 of the Orcish Mines)
Missiles
 e - 12 needles of confusion
 n - 35 javelins of penetration {=f}
 u - 17 curare-tipped needles
 y - 16 steel javelins (quivered)
 D - 17 throwing nets {=f, !d}
 E - 11 tomahawks of dispersal {=f}
 J - 15 needles of frenzy
 S - 8 silver tomahawks {=f}
 T - 18 silver javelins {=f}
 W - 16 needles of paralysis
 Y - 13 poisoned javelins
Armour
 a - a +4 naga barding of fire resistance (worn)
   (You found it on level 5 of the Lair of Beasts)
 i - the +0 hat "Ylorup" {rC+ Stlth+, unknown}
   (Okawaru gifted it to you on level 3 of the Depths)

   It protects you from cold.
   It makes you more stealthy.
 k - the +0 shield of Lyepir (worn) {MR+ Regen+ Str-4 Dex+5}
   (Okawaru gifted it to you on level 8 of the Lair of Beasts)

   It affects your strength (-4).
   It affects your dexterity (+5).
   It affects your resistance to hostile enchantments.
   It increases your rate of regeneration.
 l - a quicksilver dragon armour (worn) {MR+}
   (You found it on level 5 of the Vaults)
 q - a +2 pair of gloves of archery (worn)
   (Okawaru gifted it to you on level 1 of the Lair of Beasts)
 w - a +2 cloak of cold resistance (worn)
   (You found it in an ice cave)
 x - the +2 hat of Hoho (worn) {rElec Regen+ Int+4}
   (Okawaru gifted it to you on level 3 of the Crypt)

   It affects your intelligence (+4).
   It insulates you from electricity.
   It increases your rate of regeneration.
Rods
 b - a +5 rod of clouds (17/17) {!a}
   (You bought it in a shop on level 8 of the Dungeon)
Jewellery
 p - a ring of the Octopus King (right hand) {SustAt AC+1 EV+1 Str+1 Int+1 Dex+1}
   (You found it on level 2 of the Lair of Beasts)

   [ring of sustain attributes]

   It sustains your strength, intelligence and dexterity.
   It affects your AC (+1).
   It affects your evasion (+1).
   It affects your strength (+1).
   It affects your intelligence (+1).
   It affects your dexterity (+1).
 I - a +5 ring of evasion (left hand) {=R}
   (You found it on level 4 of the Dungeon)
 V - an amulet of faith (around neck) {Faith, !P}
   (You bought it in a shop on level 4 of the Orcish Mines)
Wands
 N - a wand of heal wounds (5)
   (You acquired it on level 2 of the Realm of Zot)
 O - a wand of disintegration (10)
   (You found it on level 2 of the Shoals)
 U - a wand of teleportation (7)
   (You found it on level 4 of the Vaults)
Scrolls
 f - 7 scrolls of fog {=f}
 j - 9 scrolls of magic mapping {!r}
 t - 9 scrolls of teleportation
 B - 7 scrolls of blinking {!r}
 F - 3 scrolls of fear
 G - 8 scrolls of recharging
 R - 18 scrolls of remove curse
Potions
 c - 2 potions of cure mutation {!q}
 h - 6 potions of heal wounds
 m - 8 potions of might
 r - 5 potions of resistance
 A - 3 potions of agility
 C - 26 potions of curing
 H - 6 potions of haste
 Q - 4 potions of cancellation
 X - 4 potions of magic
Miscellaneous
 g - a fan of gales
   (You found it on level 6 of the Pits of Slime)
 o - a legendary deck of summoning {the Illusion}
   (You found it on level 5 of the Vaults)
 K - a sack of spiders {used: 2}
   (You found it on level 3 of the Crypt)
 L - a lamp of fire (inert)
   (You found it on level 3 of the Lair of Beasts)
 M - a phantom mirror
 P - a phial of floods
   (You found it on level 1 of the Depths)
 Z - a sack of spiders
   (You found it on level 1 of the Realm of Zot)
Comestibles
 v - 30 fruits
 z - 12 meat rations {@e2}


   Skills:
 - Level 20.0(25.0) Fighting
 - Level 20.0(25.0) Throwing
 - Level 14.1(19.1) Armour
 - Level 13.2(18.2) Dodging
 - Level 3.0(8.0) Stealth
 - Level 9.0(14.0) Shields
 - Level 20.0(25.0) Unarmed Combat
 - Level 13.1 Spellcasting
 - Level 6.5 Hexes
 - Level 18.0 Charms
 - Level 11.3 Translocations
 - Level 6.3 Invocations
 + Level 19.7 Evocations


You had 26 spell levels left.
You knew the following spells:

 Your Spells              Type           Power        Failure   Level  Hunger
a - Phase Shift           Tloc           ######....   1%          5    ####...
b - Blink                 Tloc           N/A          1%          2    None
c - Portal Projectile     Tloc           ######       1%          3    None
e - Apportation           Tloc           ######....   1%          1    None
g - Regeneration          Chrm/Necr      #####.....   1%          3    None
h - Haste                 Chrm           ######..     1%          6    ######.
v - Tukima's Dance        Hex            #####...     1%          3    None
x - Confusing Touch       Hex            #####.       1%          2    None
R - Summon Butterflies    Summ           ##......     10%         1    None


Dungeon Overview and Level Annotations

Branches:
Dungeon (15/15)            Temple (1/1) D:5            Lair (8/8) D:10
 Shoals (4/4) Lair:5       Spider (4/4) Lair:5        Slime (6/6) Lair:6
    Orc (4/4) D:12            Elf (3/3) Orc:4        Vaults (5/5) D:13
  Crypt (3/3) Vaults:3       Tomb (0/3) Crypt:3      Depths (5/5) D:15
    Zot (5/5) Depths:5

Altars:
Ashenzari
Cheibriados
Dithmenos
Elyvilon
Fedhas
Gozag
Kikubaaqudgha
Makhleb
Nemelex Xobeh
Okawaru
Qazlal
Ru
Sif Muna
Trog
Vehumet
Xom
Yredelemnul
Zin
The Shining One
Beogh
Jiyva

Shops:
D:8 [}(}   Orc:4 =[*(   Shoals:2 [   Shoals:4 (   Vaults:3 (   Depths:1 *

Portals:
Hell: Depths:1 Depths:2 Depths:3 Depths:4 Depths:5
Abyss: Depths:2 Depths:4
Pandemonium: Depths:3
Ziggurat: Depths:4

Annotations:
D:6 exclusion: gargoyle
Spider:3 exclusion: Roxanne, Roxanne
Elf:2 3 runed doors
Zot:5 36 runed doors, 4 exclusions


Innate Abilities, Weirdness & Mutations

You cannot wear boots.
Your serpentine skin is tough (AC +9).
You have supernaturally acute eyesight.
Armour fits poorly on your strangely shaped body.
Your system is resistant to poisons.
You cover ground very slowly.
You have a slow metabolism.
You can spit poison.
You can use your snake-like lower body to constrict enemies.


Message History

You feel weaker.
You regained 2 hp, and now have 204/268 hp.
There are no items here.
Casting: Haste
Confirm with . or Enter, or press ? or * to list all spells.
Your skin crawls.
You now have 19/36 mp.
(D) Dungeon (T) Temple (L) Lair (A) Shoals (N) Spider Nest (M) Slime Pits (O) Orcish Mines (E) Elven Halls (V) Vaults (C) Crypt (W) Tomb (U) Depths (H) Hell (Z) Zot
Where to? (Enter - D:1, ? - help)
What level of the Dungeon? (default 1, ? - help)
You see here an arrow.
An ice devil comes into view.
There is a stone staircase leading up, spattered with blood here.
You see here 4 arrows.
You regained 18 hp, and now have 223/268 hp.
You regained 2 mp, and now have 21/36 mp.
You climb upwards.
There is a stone staircase leading down, spattered with blood here.
You regained 4 hp, and now have 227/268 hp.
(D) Dungeon (T) Temple (L) Lair (A) Shoals (N) Spider Nest (M) Slime Pits (O) Orcish Mines (E) Elven Halls (V) Vaults (C) Crypt (W) Tomb (U) Depths (H) Hell (Z) Zot
Where to? (Enter - D:1, ? - help)
What level of the Dungeon? (default 1, ? - help)
Your skin is crawling a little less now.
Your extra speed is starting to run out.
Your skin stops crawling.
You feel yourself slow down.
There is a stone staircase leading up here.
You climb upwards.
There is a stone staircase leading down here.
There is a stone staircase leading up here.
You climb upwards.
There is a stone staircase leading down here.
HP restored.
You feel like a meek peon again.
There is a stone staircase leading up here.
You climb upwards.
There is a stone staircase leading down here.
Health restored: 268 You regained 10 mp, and now have 32/36 mp.
Magic restored.
Your body shudders with the violent release of wild energies!
You feel agile.
You feel less contaminated with magical energies.
There is a huge open gate here.
The kobold shouts!
A white imp comes into view.
There is an open gate here.
MP restored: 36 The white imp gestures at you.
The puff of frost hits you!
Drink which item? (? for menu, Esc to quit)
Okay, then.
The goblin shouts!
A hellion comes into view.
Spoiler Alert: The hellion can cast smite-targeted Hellfire!
Throwing (i - inventory. (,) - cycle):
y - 17 steel javelins (quivered)
Press: ? - help, Shift-Dir - straight line, f - hellion
Aim: a hellion You throw a steel javelin.
The steel javelin hits the hellion!!!
You kill the hellion!
Okawaru accepts your kill. The white imp gestures at you.
The puff of frost hits you! The white imp gestures at you.
The puff of frost hits you!
There is a staircase leading out of the dungeon here.
Drink which item? (? for menu, Esc to quit)
Really quaff
c - 4 potions of cure mutation {!q}?
It has a very clean taste.
You feel clumsy.
You feel more energetic.
Your magical essence is no longer linked to your wands.
The white imp gestures at you. You block the puff of frost.
Unknown command.
Unknown command.
Drink which item? (? for menu, Esc to quit)
Really quaff
c - 3 potions of cure mutation {!q}?
It has a very clean taste.
You feel clever.
You feel stronger.
Drink which item? (? for menu, Esc to quit)
Really quaff
c - 2 potions of cure mutation {!q}?
You have no mutations to cure!
Use which ability? (? or * to list)
You gain the combat prowess of a mighty hero.
You feel slightly less full.
You now have 34/40 mp.
Casting: Regeneration
Confirm with . or Enter, or press ? or * to list all spells.
You feel the strange sensation of being on two planes at once.
You now have 30/40 mp.
You pummel the white imp!!
You kill the white imp!
You have escaped!

.........##.# #.## .........##.#
#... ##...###.##.# #...
##.#####.##.##################...
...............(......>..........
.#.##......................####..
.#.##.......................# #..
.#.##...#################...###..
##.##...#≈≈≈≈≈≈≈@≈≈≈≈≈≈≈#........
#......#≈≈≈≈≈≈≈.≈≈≈≈≈≈≈#...###..
##.###..#≈≈≈≈.......≈≈≈≈#...# #..
........#≈≈...........≈≈#...# #..
##.##...#≈.............≈#...# #..
........#≈.[...........≈#...###.#
...##...###.(8.###.8..###........
...##...#g#...........#K#...###..
.####...#######'''#######...# #..


You could see a goblin and a kobold.

Vanquished Creatures
  the royal jelly (Slime:6)
  7 ancient liches
  3 orbs of fire (Zot:5)
  Boris (Depths:4)
  Margery (Crypt:3)
  2 curse toes (Zot:3)
  5 Killer Klowns
  8 golden dragons
  Jory (Crypt:3)
  A profane servitor (Crypt:3)
  2 bone dragons
  Arachne (Spider:3)
  5 electric golems
  Jorgrun (Shoals:3)
  6 liches
  3 pandemonium lords
  Rupert (D:12)
  24 tentacled monstrosities
  Asterion (Elf:2)
  29 Orb Guardians
  2 deep elf blademasters (Elf:3)
  2 deep elf master archers (Elf:3)
  2 quicksilver dragons (Vaults:5)
  3 titans (Vaults:5)
  An Ice Fiend (IceCv)
  14 acid blobs
  The ghost of WereVolvo the Bludgeoner, an adept OgBe of Trog (Orc:4)
  2 Executioners (Depths:3)
  11 death cobs
  3 ancient champions
  5 sphinxes
  2 krakens
  3 warmongers
  7 tengu reavers
  Kirke (Spider:4)
  16 storm dragons
  The ghost of Raultor the Alchemist, an adept DrTm of Makhleb (Depths:1)
  A draconian monk (Zot:3)
  9 shadow dragons
  Ilsuiw (Shoals:4)
  A corrupter (D:6)
  2 revenants
  A greater naga (Depths:1)
  Donald (Spider:1)
  16 frost giants
  5 deep elf sorcerers
  7 azure jellies (Slime:6)
  Maud (Lair:4)
  4 draconian knights
  8 fire giants
  A cacodemon (D:8)
  2 orc warlords
  A balrug (D:6)
  3 iron dragons
  17 vault wardens
  Aizul (Shoals:3)
  15 ghost moths
  Louise (D:14)
  4 draconian scorchers
  4 draconian zealots
  3 reapers
  7 emperor scorpions (Spider:4)
  6 draconian shifters
  23 ironheart preservers
  5 ghouls
  4 draconian annihilators
  22 very ugly things
  22 stone giants
  6 vampire knights
  5 green draconians
  5 draconian callers
  6 war gargoyles
  2 salamander stormcallers (Vaults:5)
  Nessos (Volcano)
  A chaos champion (D:8)
  18 deep elf annihilators
  4 white draconians
  7 black draconians
  6 deep elf demonologists (Elf:3)
  Azrael (Elf:2)
  5 dire elephants
  7 yellow draconians
  8 mottled draconians
  6 purple draconians
  8 red draconians
  33 spark wasps
  A black sun (Depths:1)
  2 eidola (Crypt:2)
  15 ettins
  A minotaur (Lab)
  6 merfolk javelineers (Shoals:4)
  22 fire dragons
  16 deep elf death magi
  The ghost of xeno23 the Zephyrmancer, a journeyman DgAE (Lair:3)
  A crystal guardian (Vaults:2)
  27 vault guards
  A blizzard demon (Depths:3)
  A mummy priest (Depths:1)
  4 deep elf high priests
  11 merfolk impalers
  A green death (Depths:1)
  25 jiangshi
  19 yaktaur captains
  6 death oozes (Slime:6)
  9 great orbs of eyes
  A quicksilver dragon zombie (Crypt:1)
  Fannar (Lair:1)
  9 centaur warriors
  Harold (D:11)
  16 ice dragons
  A juggernaut simulacrum (Depths:3)
  5 rakshasas
  7 entropy weavers
  An anaconda (Lair:8)
  A quicksilver dragon skeleton (Crypt:1)
  9 hydras
  3 merfolk avatars
  2 monstrous demonspawn
  6 death knights
  2 merfolk aquamancers
  8 deep troll shamans
  An alligator snapping turtle (Shoals:4)
  6 tengu warriors
  2 spriggan air magi
  14 ogre magi
  5 dancing weapons
  6 deep troll earth magi
  4 satyrs
  4 death yaks (Lair:8)
  A titan zombie (Vaults:4)
  2 orc high priests
  5 vampire magi
  5 spriggan berserkers
  7 hell knights (Crypt:3)
  3 soul eaters
  Urug (D:12)
  3 hell hogs
  Nergalle (D:9)
  6 large abominations
  2 sun demons
  5 shadow wraiths
  2 iron trolls (Depths:2)
  11 deep elf knights
  A titan skeleton (Vaults:4)
  A fire crab (Vaults:4)
  3 storm dragon skeletons
  2 wizards (D:15)
  17 deep trolls
  26 skeletal warriors
  A death drake (shapeshifter) (Depths:4)
  11 sea snakes
  A ghost moth zombie (Crypt:1)
  3 golden dragon zombies (Crypt:1)
  2 infernal demonspawn
  2 deep elf summoners
  5 unseen horrors
  5 flayed ghosts
  A spectral iron dragon (Crypt:3)
  3 phantasmal warriors
  A golden dragon skeleton (Crypt:2)
  2 swamp dragons (Depths:1)
  An anaconda skeleton (Crypt:1)
  2 quicksilver dragon simulacra (Crypt:1)
  A sphinx zombie (Crypt:1)
  2 putrid demonspawn
  4 giant orange brains
  19 orc knights
  An anubis guard (shapeshifter) (Vaults:5)
  A wolf spider zombie (D:13)
  14 necromancers
  A giant orange brain (shapeshifter) (Vaults:5)
  A shadow dragon zombie (Depths:3)
  3 torturous demonspawn
  23 wolf spiders
  8 hill giants
  13 ironbrand convokers
  2 statues (Volcano)
  8 orc sorcerers
  15 deep elf conjurers
  A sixfirhy (D:6)
  3 shining eyes
  2 tengu skeletons
  A cyclops (shapeshifter) (Vaults:5)
  24 orb spiders
  2 shadow dragon skeletons
  A mana viper (shapeshifter) (Depths:3)
  70 ugly things
  19 cyclopes
  17 griffons
  8 water nymphs
  2 water nymphs (shapeshifter) (Vaults:4)
  3 hornets
  8 harpies (Shoals:2)
  A sphinx skeleton (Crypt:2)
  17 manticores
  2 stone giant skeletons
  7 black mambas
  10 fauns
  An octopode (shapeshifter) (D:11)
  An elephant (shapeshifter) (Depths:2)
  23 elephants
  3 rust devils
  12 spiny frogs
  29 moths of wrath
  16 vault sentinels
  10 sirens
  3 centaur zombies
  2 fire giant skeletons
  An ice statue (IceCv)
  2 torpor snails
  A smoke demon (D:8)
  5 eyes of devastation
  A titan simulacrum (Depths:3)
  8 orange demons
  A dire elephant skeleton (Crypt:1)
  A salamander skeleton (Vaults:3)
  2 storm dragon simulacra
  3 anaconda simulacra (IceCv)
  A gargoyle (D:14)
  A spiny frog (shapeshifter) (Elf:2)
  A grey draconian zombie (Crypt:1)
  2 hellions
  9 komodo dragons
  49 yaktaurs
  3 human skeletons
  16 demonic crawlers
  16 freezing wraiths
  13 deep elf priests
  4 yaktaur skeletons
  A fire drake (shapeshifter) (Elf:1)
  2 tormentors
  A redback zombie (Vaults:2)
  5 fire drakes
  A mottled draconian skeleton (Crypt:2)
  11 trolls
  4 tengu conjurers
  A guardian mummy (Depths:1)
  41 merfolk
  A hydra zombie (Crypt:1)
  A tengu simulacrum (Vaults:4)
  35 two-headed ogres
  37 jumping spiders
  2 polar bears (Lair:2)
  A golden dragon simulacrum (IceCv)
  A wind drake (shapeshifter) (Vaults:2)
  4 red devils
  A jumping spider (shapeshifter) (D:15)
  7 ice devils
  A harpy zombie (Crypt:2)
  2 hydra skeletons (Crypt:1)
  Grinder (D:6)
  51 slime creatures
  4 giant leeches (Spider:4)
  6 wind drakes
  A harpy skeleton (D:15)
  20 blink frogs
  3 ettin zombies
  A stone giant simulacrum (Vaults:4)
  A frost giant simulacrum (Vaults:3)
  A hornet zombie (Crypt:1)
  An ice dragon zombie (Crypt:1)
  2 bog bodies (Crypt:1)
  11 boulder beetles
  5 shadows
  An elf simulacrum (Depths:3)
  2 air elementals (Depths:3)
  65 flying skulls
  A redback (shapeshifter) (Vaults:5)
  11 wraiths
  Sigmund (D:5)
  A black mamba zombie (Crypt:2)
  31 tarantellas
  22 trapdoor spiders
  A spriggan (Depths:4)
  An alligator skeleton (Crypt:1)
  An ettin skeleton (Crypt:3)
  11 snapping turtles
  40 redbacks
  11 water elementals
  4 ynoxinuls
  4 basilisks
  12 vampires
  41 deep elf fighters
  A hog (shapeshifter) (Vaults:5)
  26 hippogriffs
  34 deep elf magi
  41 yaks
  2 fire bats (Volcano)
  A yak (shapeshifter) (Vaults:5)
  Grum (D:11)
  3 death yak simulacra (IceCv)
  12 wargs
  4 wyverns
  12 golden eyes
  A golden eye (shapeshifter) (Depths:3)
  3 hogs (Spider:4)
  A mottled dragon (shapeshifter) (D:13)
  26 wolves
  2 hippogriffs (shapeshifter)
  6 vampire mosquitoes
  6 fire elementals (Elf:2)
  2 humans (shapeshifter)
  5 hungry ghosts
  4 human simulacra
  3 harpy simulacra (IceCv)
  4 iron troll simulacra (IceCv)
  14 water moccasins
  8 hell hounds
  4 mottled dragons
  A faun skeleton (Crypt:1)
  2 soldier ants
  47 orc warriors
  4 hydra simulacra (IceCv)
  22 porcupines
  A deep troll skeleton (Vaults:3)
  2 human zombies
  A snapping turtle zombie (Crypt:1)
  5 ice beasts
  6 necrophages
  2 black bears
  6 eyes of draining
  An alligator simulacrum (IceCv)
  4 phantoms
  A black mamba simulacrum (Crypt:1)
  4 sky beasts
  63 ogres
  10 boggarts
  A snapping turtle skeleton (Crypt:1)
  4 wasps
  2 orc skeletons
  2 big kobolds
  32 centaurs
  5 small abominations
  12 crocodiles
  A gnoll sergeant (D:8)
  22 giant frogs
  A water moccasin zombie (D:10)
  A deep troll simulacrum (Vaults:4)
  A wyvern skeleton (D:7)
  5 electric eels
  5 scorpions
  A water moccasin skeleton (D:10)
  17 killer bees
  A troll skeleton (Crypt:2)
  A spriggan zombie (Crypt:1)
  A polar bear skeleton (Crypt:1)
  26 wights
  12 crimson imps
  A lava snake (Volcano)
  30 orc priests
  2 draconian simulacra (IceCv)
  18 jellies
  4 iron imps
  4 hounds
  Crazy Yiuf (D:2)
  2 quasits
  2 giant frog skeletons
  7 centaur skeletons
  14 worker ants
  A spriggan simulacrum (Crypt:1)
  43 orc wizards
  3 hell rats
  13 iguanas
  A polar bear simulacrum (IceCv)
  A killer bee zombie (D:13)
  23 sheep
  2 troll simulacra (IceCv)
  A wolf simulacrum (IceCv)
  A boulder beetle simulacrum (Vaults:2)
  7 centaur simulacra (IceCv)
  A deep dwarf zombie (Crypt:1)
  A naga zombie (Crypt:1)
  A felid skeleton (Crypt:1)
  A naga skeleton (Crypt:2)
  A hound zombie (D:9)
  2 hound skeletons
  2 mummies (Depths:1)
  3 ogre simulacra (IceCv)
  A worker ant zombie (D:7)
  3 gnolls (D:8)
  105 river rats
  5 shadow imps
  A steam dragon skeleton (Crypt:1)
  8 adders
  3 naga simulacra (IceCv)
  7 white imps
  3 oozes
  10 ufetubi
  4 worms
  7 giant geckos
  223 orcs
  2 ball pythons (D:3)
  8 bats
  6 giant cockroaches
  7 goblins
  6 hobgoblins
  22 jackals
  7 kobolds
  5 quokkas
  A ball python zombie (Crypt:1)
  2 giant gecko skeletons
  9 giant newts
  A quokka skeleton (D:8)
  7 rats
  11 crawling corpses
  3 fungi
  4 lost souls
  5 plants
  5 tentacles
3262 creatures vanquished.

Vanquished Creatures (collateral kills)
  2 hell hogs (D:8)
2 creatures vanquished.

Vanquished Creatures (others)
  A draconian knight (Depths:5)
  2 draconian scorchers
  Josephine (Lair:8)
  A frost giant zombie (Depths:2)
  A faun (Shoals:3)
  A tarantella (Spider:3)
  A blink frog zombie (Crypt:1)
  An ogre (Vaults:1)
  A human (D:2)
  A giant frog (D:5)
  A giant frog zombie (D:5)
  A worker ant (D:5)
  A river rat (Lair:2)
  2 orcs
  A goblin (Depths:1)
  A jackal (D:5)
  3 bushes
  55 fungi
  2 lost souls (Crypt:3)
  33 plants
  13 tentacles
  693 tentacle segments
817 creatures vanquished.

Grand Total: 4081 creatures vanquished

Notes
Turn   | Place    | Note
--------------------------------------------------------------
     0 | D:1      | nago the Naga Monk began the quest for the Orb.
     0 | D:1      | Reached XP level 1. HP: 21/21 MP: 1/1
   502 | D:1      | Reached XP level 2. HP: 28/28 MP: 2/2
  1364 | D:2      | Found a bloodstained altar of Trog.
  1376 | D:2      | Reached skill level 5 in Unarmed Combat
  1376 | D:2      | Reached XP level 3. HP: 30/34 MP: 3/3
  1694 | D:2      | Found an ancient bone altar of Kikubaaqudgha.
  1695 | D:2      | Noticed a human
  1696 | D:2      | Killed a human
  2017 | D:2      | Noticed Crazy Yiuf
  2033 | D:2      | Killed Crazy Yiuf
  2033 | D:2      | Reached XP level 4. HP: 19/42 MP: 4/4
  2583 | D:3      | Reached skill level 6 in Unarmed Combat
  2596 | D:3      | Reached XP level 5. HP: 25/49 MP: 5/5
  3024 | D:3      | Found a shimmering altar of Xom.
  3734 | D:4      | Reached skill level 7 in Unarmed Combat
  3874 | D:4      | Reached XP level 6. HP: 54/56 MP: 6/6
  4108 | D:5      | Entered Level 5 of the Dungeon
  4415 | D:5      | Reached skill level 4 in Fighting
  4489 | D:5      | Reached XP level 7. HP: 64/64 MP: 7/7
  4605 | D:5      | Found a radiant altar of Vehumet.
  4743 | D:5      | Reached skill level 8 in Unarmed Combat
  4776 | D:5      | Reached skill level 5 in Fighting
  4792 | D:5      | Noticed Sigmund
  4802 | D:5      | Killed Sigmund
  4803 | D:5      | Reached XP level 8. HP: 62/75 MP: 8/8
  4862 | D:5      | Found a staircase to the Ecumenical Temple.
  4871 | Temple   | Entered the Ecumenical Temple
  5111 | Temple   | Became a worshipper of Warmaster Okawaru
  5111 | Temple   | Reached * piety under Okawaru
  5111 | Temple   | Reached ** piety under Okawaru
  5573 | D:6      | Noticed a gargoyle
  5626 | D:6      | Noticed Grinder
  5647 | D:6      | Reached skill level 6 in Fighting
  5666 | D:6      | Killed Grinder
  5666 | D:6      | Reached skill level 9 in Unarmed Combat
  6052 | D:6      | Reached skill level 7 in Fighting
  6336 | D:7      | Reached *** piety under Okawaru
  6411 | D:7      | Reached XP level 9. HP: 56/86 MP: 9/9
  6424 | D:7      | Reached skill level 10 in Unarmed Combat
  6611 | D:6      | Reached skill level 8 in Fighting
  7087 | D:7      | HP: 17/90 [orc warrior/trident (18)]
  7093 | D:7      | HP: 21/90 [orc warrior/trident (12)]
  7108 | D:7      | Reached **** piety under Okawaru
  7463 | D:7      | Found a shadowy altar of Dithmenos.
  7481 | D:7      | Got a jewelled buckler
  7527 | D:7      | Identified the -1 buckler "Bial" {rN+ MR+ Str+9 Dex-4} (You took it off an orc on level 7 of the Dungeon)
  7536 | D:7      | Found a shattered altar of Ashenzari.
  7651 | D:7      | Reached skill level 9 in Fighting
  7932 | D:7      | Reached skill level 11 in Unarmed Combat
  7981 | D:8      | Found Haugeg's Gadget Shop.
  7991 | D:8      | Found an opulent altar of Gozag.
  7994 | D:8      | Found Wygrel's Weapon Shop.
  8360 | D:8      | Reached XP level 10. HP: 70/99 MP: 10/10
  8715 | D:8      | Found Piejauk's Armour Shop.
  8727 | D:8      | Got a twisted leather armour
  8738 | D:8      | Identified the +1 leather armour of Starshine {Regen+ Str-4 Slay+2} (You found it on level 8 of the Dungeon)
  8767 | D:8      | Found a basalt altar of Yredelemnul.
  8768 | D:8      | Found a white marble altar of Elyvilon.
  8774 | D:8      | Found a stormy altar of Qazlal.
  8774 | D:8      | Found a burning altar of Makhleb.
  8777 | D:8      | Found a glowing silver altar of Zin.
  8779 | D:8      | Found a blossoming altar of Fedhas.
  8874 | D:8      | Found Neyn's Gadget Emporium.
  9462 | D:9      | Reached ***** piety under Okawaru
  9462 | D:9      | Reached skill level 10 in Fighting
  9746 | D:10     | Entered Level 10 of the Dungeon
  9746 | D:10     | Noticed Nergalle
  9751 | D:10     | Noticed a hill giant
  9760 | D:9      | Killed Nergalle
  9760 | D:9      | Reached skill level 12 in Unarmed Combat
  9851 | D:10     | Reached skill level 1 in Invocations
  9866 | D:10     | Reached skill level 2 in Invocations
  9869 | D:10     | Noticed an unseen horror
  9876 | D:10     | Killed an unseen horror
  9876 | D:10     | Reached skill level 3 in Dodging
  9876 | D:10     | Reached skill level 3 in Invocations
 10069 | D:10     | Reached skill level 4 in Invocations
 10099 | D:10     | Reached skill level 4 in Dodging
 10106 | D:10     | Reached XP level 11. HP: 81/110 MP: 14/14
 10309 | D:10     | Received a gift from Okawaru
 10309 | D:10     | Reached skill level 5 in Invocations
 10333 | D:10     | Reached skill level 5 in Dodging
 10359 | D:10     | Reached skill level 6 in Invocations
 10446 | D:10     | Killed a hill giant
 10446 | D:10     | Reached skill level 1 in Armour
 10513 | D:10     | Found a staircase to the Lair.
 10969 | D:11     | Noticed Grum
 11009 | D:11     | Killed Grum
 11009 | D:11     | Reached skill level 2 in Armour
 11020 | D:11     | Reached skill level 6 in Dodging
 11151 | D:11     | Received a gift from Okawaru
 11151 | D:11     | Reached skill level 3 in Armour
 11377 | D:11     | Noticed an unseen horror
 11389 | D:11     | Killed an unseen horror
 11417 | D:11     | Reached skill level 4 in Armour
 11489 | D:11     | Reached skill level 7 in Dodging
 11560 | D:11     | Reached XP level 12. HP: 96/117 MP: 16/16
 11820 | D:11     | Noticed Harold
 11836 | D:11     | Killed Harold
 11836 | D:11     | Reached skill level 5 in Armour
 12350 | D:12     | Found a staircase to the Orcish Mines.
 12446 | D:12     | Reached skill level 8 in Dodging
 12559 | D:12     | Noticed Rupert
 12569 | D:12     | Noticed Urug
 12721 | Lair:1   | Entered Level 1 of the Lair of Beasts
 12811 | Lair:1   | Reached skill level 6 in Armour
 12869 | Lair:1   | Received a gift from Okawaru
 13038 | Lair:1   | Noticed Fannar
 13306 | Lair:1   | You fall through a shaft!
 13624 | Lair:2   | Got a ring of the Octopus King
 13627 | Lair:2   | Identified a ring of the Octopus King {SustAt AC+1 EV+1 Str+1 Int+1 Dex+1} (You found it on level 2 of the Lair of Beasts)
 13722 | Lair:2   | Reached skill level 7 in Armour
 13722 | Lair:2   | Reached skill level 9 in Dodging
 13990 | Lair:2   | Reached skill level 1 in Throwing
 14712 | Lair:3   | Found a labyrinth entrance.
 14719 | Lair:3   | Reached skill level 2 in Throwing
 14747 | Lair:3   | Noticed xeno23's ghost (journeyman DgAE)
 14749 | Lab      | Entered a labyrinth
 15040 | Lab      | Noticed a minotaur
 15046 | Lab      | Killed a minotaur
 15046 | Lab      | Reached skill level 3 in Throwing
 15046 | Lab      | Gained mutation: You can use your snake-like lower body to constrict enemies. [Naga growth]
 15046 | Lab      | Reached XP level 13. HP: 122/124 MP: 14/17
 15049 | Lab      | Got a faintly glowing longbow
 15058 | Lab      | Identified the +7 longbow of Reason {venom, rElec MR+} (You found it in a labyrinth)
 15076 | Lair:3   | Killed xeno23's ghost
 15499 | Lair:3   | Reached skill level 4 in Throwing
 16311 | Lair:4   | Reached skill level 13 in Unarmed Combat
 16344 | Lair:4   | Noticed Maud
 16421 | Lair:4   | Killed Maud
 16421 | Lair:4   | Reached skill level 5 in Throwing
 16920 | Lair:4   | Reached ****** piety under Okawaru
 17456 | Lair:4   | Reached skill level 6 in Throwing
 17950 | Lair:5   | Received a gift from Okawaru
 18309 | Lair:5   | Found a staircase to the Shoals.
 18342 | Lair:5   | Reached skill level 7 in Throwing
 18498 | Lair:5   | Reached skill level 14 in Unarmed Combat
 18559 | Lair:5   | Found a hole to the Spider Nest.
 18599 | Lair:5   | Noticed a dire elephant
 18619 | Lair:5   | Killed a dire elephant
 18673 | Lair:5   | Reached XP level 14. HP: 105/133 MP: 16/18
 18846 | Lair:5   | Reached skill level 8 in Throwing
 19863 | Lair:6   | Found a staircase to the Slime Pits.
 19998 | Lair:6   | Received a gift from Okawaru
 20003 | Lair:6   | Got a distressingly furry large shield {god gift}
 20009 | Lair:6   | Identified the +2 large shield of Qoguets {rElec rN+} (Okawaru gifted it to you on level 6 of the Lair of Beasts)
 20838 | Lair:7   | Reached skill level 9 in Throwing
 20859 | Lair:7   | Reached skill level 15 in Unarmed Combat
 21390 | Lair:7   | Learned a level 5 spell: Phase Shift
 21512 | Lair:7   | Reached skill level 10 in Throwing
 21600 | Lair:7   | Reached skill level 1 in Evocations
 22213 | Lair:8   | Entered Level 8 of the Lair of Beasts
 22225 | Lair:8   | Reached skill level 2 in Evocations
 22440 | Lair:8   | Reached skill level 3 in Evocations
 22519 | Lair:8   | Noticed Josephine
 22531 | Lair:8   | Killed Josephine
 22531 | Lair:8   | Reached skill level 11 in Fighting
 22808 | Lair:8   | Reached skill level 4 in Evocations
 22846 | Lair:8   | Received a gift from Okawaru
 22846 | Lair:8   | Reached XP level 15. HP: 109/142 MP: 17/19
 23436 | Lair:8   | Reached skill level 5 in Evocations
 24379 | Lair:8   | XOM: swap monsters
 24397 | Lair:8   | Reached skill level 6 in Evocations
 24403 | Lair:8   | Got a scorched naga barding
 24414 | Lair:8   | Identified the +1 naga barding "Cuosch" {-Cast MP+9 Int+3 Dex+7} (You found it on level 8 of the Lair of Beasts)
 24479 | Lair:8   | Received a gift from Okawaru
 24483 | Lair:8   | Got a polished shield {god gift}
 24489 | Lair:8   | Identified the +0 shield of Lyepir {MR+ Regen+ Str-4 Dex+5} (Okawaru gifted it to you on level 8 of the Lair of Beasts)
 24531 | Lair:8   | Reached skill level 12 in Fighting
 24538 | Lair:8   | HP: 33/144 [dire elephant (21)]
 24815 | Lair:1   | Killed Fannar
 25313 | D:8      | Bought the +8 plate armour of Reatofet {Dex+2} for 964 gold pieces
 25643 | D:12     | Killed Urug
 26073 | D:12     | Found a staircase to the Orcish Mines.
 26153 | D:12     | Killed Rupert
 26153 | D:12     | Reached skill level 7 in Evocations
 26825 | D:13     | Got a fine plate armour
 26838 | D:13     | You fall through a shaft!
 27374 | D:13     | Reached skill level 8 in Evocations
 27771 | D:13     | Reached skill level 13 in Fighting
 27885 | D:13     | Found a gate to the Vaults.
 28076 | D:13     | Identified the +2 plate armour "Socva" {MR+++ Regen+ Str-3 Stlth+} (You found it on level 13 of the Dungeon)
 28204 | D:14     | Noticed Louise
 28214 | D:14     | Killed Louise
 28417 | D:14     | Received a gift from Okawaru
 28433 | D:14     | Reached skill level 9 in Evocations
 28506 | D:14     | Reached XP level 16. HP: 148/157 MP: 22/22
 28897 | D:15     | Entered Level 15 of the Dungeon
 28933 | D:15     | Found an opulent altar of Gozag.
 28990 | D:15     | Got a creamy pearl robe
 29001 | D:15     | Identified the +1 robe of Qeem {rElec rC- Str+6 Int+2} (You took it off a vampire on level 15 of the Dungeon)
 29196 | D:15     | Found a sparkling altar of Nemelex Xobeh.
 29629 | D:15     | Reached skill level 14 in Fighting
 29629 | D:15     | Reached skill level 10 in Evocations
 29636 | D:15     | Found a staircase to the Depths.
 30278 | Orc:1    | Entered Level 1 of the Orcish Mines
 30319 | Orc:1    | Reached skill level 1 in Shields
 30330 | Orc:1    | Found a dark tunnel.
 30338 | Volcano  | Entered a volcano
 30464 | Volcano  | Found a bloodstained altar of Trog.
 30464 | Volcano  | Noticed Nessos
 30473 | Volcano  | Killed Nessos
 30759 | Orc:1    | Reached skill level 2 in Shields
 32754 | Orc:3    | Received a gift from Okawaru
 32941 | Orc:3    | Found a roughly hewn altar of Beogh.
 32998 | Orc:4    | Entered Level 4 of the Orcish Mines
 33179 | Orc:4    | Reached skill level 3 in Shields
 33213 | Orc:4    | Received a gift from Okawaru
 33373 | Orc:4    | Found a roughly hewn altar of Beogh.
 33477 | Orc:4    | Reached skill level 4 in Shields
 33482 | Orc:4    | Found Desh's Antique Weapon Shop.
 33492 | Orc:4    | Found Falliep's General Store.
 33501 | Orc:4    | Found Ostaj's Jewellery Shop.
 33568 | Orc:4    | Found Coatio's Antique Armour Shop.
 33677 | Orc:4    | Bought a cursed amulet of faith for 444 gold pieces
 33714 | Orc:4    | Found a roughly hewn altar of Beogh.
 33763 | Orc:4    | Found a staircase to the Elven Halls.
 33865 | Orc:4    | Noticed WereVolvo's ghost (adept OgBe)
 33891 | Orc:4    | Killed WereVolvo's ghost
 34386 | Orc:4    | Received a gift from Okawaru
 34413 | Orc:4    | Gained mutation: Your muscles are strong. (Str +2) [potion of beneficial mutation]
 34511 | Orc:4    | Bought a blowgun for 62 gold pieces
 34529 | Orc:4    | Bought a potion of heal wounds for 70 gold pieces
 34529 | Orc:4    | Bought a scroll of enchant armour for 105 gold pieces
 34569 | Elf:1    | Entered Level 1 of the Elven Halls
 34662 | Elf:1    | Reached skill level 15 in Fighting
 34692 | Elf:1    | Reached skill level 5 in Shields
 35088 | Elf:1    | Learned a level 6 spell: Haste
 35175 | Elf:1    | Reached XP level 17. HP: 157/170 MP: 24/24
 35354 | Elf:1    | Got a slimy ring mail
 35365 | Elf:1    | Identified the +4 ring mail of Hairiness {Str+2} (You found it on level 1 of the Elven Halls)
 35543 | Elf:1    | Reached skill level 6 in Shields
 35877 | Elf:2    | Found a runed gate.
 35877 | Elf:2    | Found a runed gate.
 36047 | Elf:2    | Noticed Asterion
 36067 | Elf:2    | Killed Asterion
 36172 | Elf:2    | Found a runed gate.
 36254 | Elf:2    | Noticed Azrael
 36297 | Elf:2    | Killed Azrael
 36297 | Elf:2    | Reached skill level 7 in Shields
 36586 | Elf:1    | Received a gift from Okawaru
 36899 | Spider:1 | Entered Level 1 of the Spider Nest
 37278 | Spider:1 | Noticed Donald
 37296 | Spider:1 | Killed Donald
 37299 | Spider:1 | Reached skill level 16 in Unarmed Combat
 37844 | Spider:2 | Reached skill level 8 in Shields
 37925 | Spider:2 | Received a gift from Okawaru
 38626 | Spider:2 | Reached skill level 9 in Shields
 39435 | Spider:3 | Noticed Arachne
 39453 | Spider:3 | Killed Arachne
 39513 | Spider:3 | Reached XP level 18. HP: 178/178 MP: 26/26
 39638 | Spider:3 | Noticed Roxanne
 40041 | Spider:3 | Received a gift from Okawaru
 40268 | Spider:3 | Reached skill level 11 in Evocations
 40573 | Spider:4 | Entered Level 4 of the Spider Nest
 40607 | Spider:4 | Noticed Kirke
 40620 | Spider:4 | Reached skill level 8 in Armour
 40627 | Spider:4 | Killed Kirke
 40653 | Spider:4 | Received a gift from Okawaru
 41682 | Spider:4 | Received a gift from Okawaru
 41683 | Spider:4 | Got a distressingly furry scale mail {god gift}
 41694 | Spider:4 | Identified the +6 scale mail of the Maze {Int+7} (Okawaru gifted it to you on level 4 of the Spider Nest)
 41932 | Spider:4 | Reached skill level 9 in Armour
 42066 | Spider:4 | Reached skill level 12 in Evocations
 42873 | Spider:4 | Received a gift from Okawaru
 43884 | Spider:4 | Received a gift from Okawaru
 43952 | Spider:4 | Got a gossamer rune of Zot
 44438 | D:8      | Bought a +0 rod of clouds (10/10) for 900 gold pieces
 44661 | Lair:5   | Reached skill level 10 in Armour
 44673 | Shoals:1 | Entered Level 1 of the Shoals
 44691 | Shoals:1 | Received a gift from Okawaru
 44770 | Shoals:1 | Reached skill level 13 in Evocations
 44985 | Shoals:1 | Received a gift from Okawaru
 45316 | Shoals:1 | Received a gift from Okawaru
 45329 | Shoals:1 | Reached XP level 19. HP: 160/186 MP: 28/28
 45331 | Shoals:1 | Got an ichor-stained naga barding {god gift}
 45342 | Shoals:1 | Identified the +2 naga barding "Qiats" {rC+} (Okawaru gifted it to you on level 1 of the Shoals)
 45371 | Shoals:1 | Got a bloodstained chain mail
 45382 | Shoals:1 | Identified the cursed +1 chain mail of Inference {Regen+ Int+3} (You found it on level 1 of the Shoals)
 45947 | Shoals:2 | Reached skill level 11 in Throwing
 46383 | Shoals:2 | Found Ludoud's Antique Armour Shoppe.
 46670 | Shoals:2 | Reached skill level 14 in Evocations
 47301 | Shoals:3 | Noticed Aizul
 47322 | Shoals:3 | Killed Aizul
 47641 | Shoals:3 | Noticed Jorgrun
 47653 | Shoals:3 | Killed Jorgrun
 47653 | Shoals:3 | Received a gift from Okawaru
 47875 | Shoals:4 | Entered Level 4 of the Shoals
 47897 | Shoals:4 | Received a gift from Okawaru
 47947 | Shoals:4 | Received a gift from Okawaru
 47947 | Shoals:4 | Reached skill level 12 in Throwing
 47959 | Shoals:4 | Found a frozen archway.
 47983 | IceCv    | Entered an ice cave
 48182 | IceCv    | Got an encrusted leather armour
 48193 | IceCv    | Identified the cursed +1 leather armour of Vuprocky {Str+2} (You found it in an ice cave)
 48834 | IceCv    | Identified Goites's Grimoire of Icy Evil
 48910 | Shoals:4 | Learned a level 2 spell: Sublimation of Blood
 48968 | Shoals:4 | Received a gift from Okawaru
 48983 | Shoals:4 | Noticed Ilsuiw
 48997 | Shoals:4 | Reached skill level 15 in Evocations
 49050 | Shoals:4 | Killed Ilsuiw
 49245 | Shoals:4 | Received a gift from Okawaru
 49469 | Shoals:4 | Received a gift from Okawaru
 49475 | Shoals:4 | Reached XP level 20. HP: 177/194 MP: 31/31
 49676 | Shoals:4 | Received a gift from Okawaru
 49788 | Shoals:4 | Reached skill level 13 in Throwing
 49965 | Shoals:4 | Got a barnacled rune of Zot
 49995 | Shoals:4 | Found Gyx Yss's Weapon Boutique.
 50091 | Shoals:4 | Identified Afebenim's Incunabulum of Transformation (You found it on level 4 of the Shoals)
 50145 | Shoals:4 | Learned a level 1 spell: Apportation
 50177 | Shoals:4 | Learned a level 1 spell: Summon Butterflies
 50181 | Shoals:4 | Learned a level 3 spell: Tukima's Dance
 50731 | Elf:1    | Got a brightly glowing hunting sling {god gift}
 50794 | Elf:3    | Entered Level 3 of the Elven Halls
 51548 | Elf:3    | Reached skill level 17 in Unarmed Combat
 51644 | Elf:3    | Received a gift from Okawaru
 51807 | Elf:3    | HP: 43/194 [???[a deep elf demonologist] (40)]
 52310 | Elf:3    | Received a gift from Okawaru
 52355 | Elf:3    | Reached skill level 14 in Throwing
 52399 | Elf:3    | Got a heavily runed golden amulet
 52417 | Elf:3    | Received a gift from Okawaru
 52426 | Elf:3    | Got an iridescent hunting sling {god gift}
 52462 | Elf:3    | Got a slimy robe
 52489 | Elf:3    | Identified the +1 robe "Harry" {rPois Int-5 Dex+4} (You took it off a deep elf death mage on level 3 of the Elven Halls)
 52575 | Elf:3    | Got a colourful robe
 52586 | Elf:3    | Identified the Papyrus of Bodily Humours (You found it on level 3 of the Elven Halls)
 52620 | Elf:3    | Identified the cursed +0 robe "Puddelis" {Str+3} (You took it off a deep elf death mage on level 3 of the Elven Halls)
 52633 | Elf:3    | Identified the amulet "Roox" {Stasis *Corrode +Fly rPois rF+++} (You took it off a deep elf master archer on level 3 of the Elven Halls)
 53070 | Vaults:1 | Entered Level 1 of the Vaults
 53634 | Vaults:1 | Received a gift from Okawaru
 53989 | Vaults:1 | Reached skill level 18 in Unarmed Combat
 53989 | Vaults:1 | Reached XP level 21. HP: 201/201 MP: 32/32
 54743 | Vaults:2 | Got a crystal battleaxe
 54772 | Vaults:2 | Received a gift from Okawaru
 54775 | Vaults:2 | Identified the +2 battleaxe "Zaetau Fuud" {vamp, rElec MP+9} (You found it on level 2 of the Vaults)
 55371 | Vaults:2 | Reached skill level 15 in Throwing
 56073 | Vaults:3 | Found a shadowy altar of Dithmenos.
 56263 | Vaults:3 | Found a staircase to the Crypt.
 56279 | Crypt:1  | Entered Level 1 of the Crypt
 56652 | Crypt:1  | Received a gift from Okawaru
 56712 | Crypt:1  | Reached skill level 16 in Fighting
 56899 | Crypt:1  | Reached skill level 19 in Unarmed Combat
 57158 | Crypt:1  | Received a gift from Okawaru
 57183 | Crypt:1  | Got a polished hand axe {god gift}
 57713 | Crypt:2  | Got an ancient longbow
 58149 | Crypt:2  | Received a gift from Okawaru
 58195 | Crypt:2  | Reached XP level 22. HP: 192/214 MP: 33/33
 58440 | Crypt:3  | Entered Level 3 of the Crypt
 58449 | Crypt:3  | Received a gift from Okawaru
 58478 | Crypt:3  | Got a heavy robe
 58636 | Crypt:3  | Found an ancient bone altar of Kikubaaqudgha.
 58837 | Crypt:3  | Reached skill level 17 in Fighting
 58844 | Crypt:3  | Received a gift from Okawaru
 58845 | Crypt:3  | Got an ichor-stained hat {god gift}
 58857 | Crypt:3  | Identified the +2 hat of Hoho {rElec Regen+ Int+4} (Okawaru gifted it to you on level 3 of the Crypt)
 58860 | Crypt:3  | Identified the +1 robe "Searril" {Regen+ MP-9 Str+6 Stlth+} (You found it on level 3 of the Crypt)
 59215 | Crypt:3  | Reached skill level 20 in Unarmed Combat
 59219 | Crypt:3  | Noticed Jory
 59237 | Crypt:3  | Killed Jory
 59313 | Crypt:3  | Got an ancient dagger
 59345 | Crypt:3  | Found a staircase to the Tomb.
 59474 | Crypt:3  | Noticed Margery
 59483 | Crypt:3  | Killed Margery
 59483 | Crypt:3  | Received a gift from Okawaru
 60120 | Crypt:3  | Reached skill level 11 in Armour
 60283 | Crypt:3  | Received a gift from Okawaru
 60283 | Crypt:3  | Reached skill level 18 in Fighting
 60284 | Crypt:3  | Got a warped naga barding {god gift}
 60295 | Crypt:3  | Identified the +3 naga barding of Padwiall {MR+ Regen+ Int-2} (Okawaru gifted it to you on level 3 of the Crypt)
 60820 | Vaults:3 | Reached XP level 23. HP: 216/228 MP: 34/34
 61655 | Vaults:3 | Found Heatui's Antique Weapon Shop.
 62094 | Vaults:4 | Reached skill level 12 in Armour
 62094 | Vaults:4 | Received a gift from Okawaru
 62160 | Vaults:4 | Got an encrusted naga barding {god gift}
 62171 | Vaults:4 | Identified the +2 naga barding "Rosiocva" {rElec Regen+ Str-5 Dex+3} (Okawaru gifted it to you on level 4 of the Vaults)
 62287 | Vaults:4 | Got a transparent bronze ring
 62288 | Vaults:4 | Identified the ring "Ufontino" {rF+ rC+} (You found it on level 4 of the Vaults)
 62437 | Vaults:4 | Reached skill level 19 in Fighting
 62949 | Vaults:4 | Received a gift from Okawaru
 62958 | Vaults:4 | Got a sapphire hunting sling {god gift}
 63637 | Vaults:4 | Reached skill level 13 in Armour
 63742 | Vaults:4 | Reached skill level 1 in Spellcasting
 63852 | Vaults:4 | Reached skill level 2 in Spellcasting
 64296 | Depths:1 | Entered Level 1 of the Depths
 64342 | Depths:1 | Received a gift from Okawaru
 64487 | Depths:1 | Found a large runed door.
 64488 | Depths:1 | Found a large runed door.
 64563 | Depths:1 | Reached skill level 3 in Spellcasting
 64618 | Depths:1 | Found a gateway to Hell.
 64661 | Depths:1 | Reached XP level 24. HP: 219/243 MP: 34/34
 64692 | Depths:1 | Found Cugog's General Store.
 64695 | Depths:1 | Bought a scroll of teleportation for 57 gold pieces
 64695 | Depths:1 | Bought a scroll of identify for 38 gold pieces
 64745 | Depths:1 | Reached skill level 4 in Spellcasting
 65083 | Depths:1 | Received a gift from Okawaru
 65116 | Depths:1 | Got a dazzling demon trident {god gift}
 65122 | Depths:1 | Identified the +7 demon trident "Pufoffae" {elec, rElec Str+2} (Okawaru gifted it to you on level 1 of the Depths)
 65205 | Depths:1 | Reached skill level 5 in Spellcasting
 65350 | Depths:1 | Reached skill level 20 in Fighting
 65383 | Depths:1 | Noticed Raultor's ghost (adept DrTm)
 65390 | Depths:1 | Killed Raultor's ghost
 65559 | Depths:1 | Reached skill level 6 in Spellcasting
 65633 | Depths:1 | Received a gift from Okawaru
 65639 | Depths:1 | Reached skill level 7 in Spellcasting
 65675 | Depths:1 | Got a steaming long sword {god gift}
 65775 | Depths:1 | Reached skill level 8 in Spellcasting
 66193 | Lair:1   | Learned a level 2 spell: Blink
 66196 | Lair:1   | Learned a level 2 spell: Confusing Touch
 66200 | Lair:1   | Learned a level 3 spell: Regeneration
 66680 | Lair:1   | Learned a level 3 spell: Portal Projectile
 66877 | Depths:2 | Reached skill level 9 in Spellcasting
 66881 | Depths:2 | Received a gift from Okawaru
 66969 | Depths:2 | Reached skill level 10 in Spellcasting
 67035 | Depths:2 | Reached skill level 1 in Translocations
 67048 | Depths:2 | Got a distressingly furry plate armour
 67058 | Depths:2 | Received a gift from Okawaru
 67062 | Depths:2 | Reached skill level 2 in Translocations
 67082 | Depths:2 | Reached skill level 3 in Translocations
 67123 | Depths:2 | Received a gift from Okawaru
 67186 | Depths:2 | Got a wizard robe
 67188 | Depths:2 | Identified the cursed +1 plate armour "Uxkevac" {Dex+6} (You found it on level 2 of the Depths)
 67197 | Depths:2 | Identified the +1 robe "Giamayc" {rElec rC+} (You took it off a necromancer on level 2 of the Depths)
 67226 | Depths:2 | Reached skill level 4 in Translocations
 67444 | Depths:2 | Received a gift from Okawaru
 67444 | Depths:2 | Reached skill level 5 in Translocations
 67715 | Depths:2 | Found a one-way gate to the infinite horrors of the Abyss.
 67761 | Depths:2 | Reached skill level 6 in Translocations
 67815 | Depths:2 | Received a gift from Okawaru
 67823 | Depths:2 | Reached skill level 7 in Translocations
 68101 | Depths:3 | Received a gift from Okawaru
 68202 | Depths:3 | Reached skill level 8 in Translocations
 68202 | Depths:3 | Reached XP level 25. HP: 252/252 MP: 37/37
 68270 | Depths:3 | Reached skill level 9 in Translocations
 68404 | Depths:3 | Got a wavering brass ring
 68406 | Depths:3 | Identified the ring of Ukeiseja {Str+3 Int+6 Dex-3 SInv} (You found it on level 3 of the Depths)
 68499 | Depths:3 | Reached skill level 10 in Translocations
 68508 | Depths:3 | Received a gift from Okawaru
 68723 | Depths:3 | Found a one-way gate leading to the halls of Pandemonium.
 69201 | Depths:3 | Received a gift from Okawaru
 69201 | Depths:3 | Reached skill level 1 in Charms
 69202 | Depths:3 | Got a twisted shield {god gift}
 69213 | Depths:3 | Identified the +3 shield "Qeficobb" {rF+ Dex+2 Stlth+} (Okawaru gifted it to you on level 3 of the Depths)
 69243 | Depths:3 | Reached skill level 2 in Charms
 69350 | Depths:4 | Reached skill level 3 in Charms
 69397 | Depths:4 | Found a gateway to a ziggurat.
 69452 | Depths:4 | Reached skill level 4 in Charms
 69525 | Depths:4 | Reached skill level 5 in Charms
 69603 | Depths:4 | Reached skill level 6 in Charms
 69995 | Depths:4 | Reached skill level 7 in Charms
 70137 | Depths:4 | Reached skill level 8 in Charms
 70470 | Depths:5 | Entered Level 5 of the Depths
 70494 | Depths:4 | Reached skill level 9 in Charms
 70523 | Depths:5 | Noticed Boris
 70535 | Depths:4 | Received a gift from Okawaru
 70614 | Depths:4 | Killed Boris
 70705 | Depths:5 | Reached skill level 10 in Charms
 71083 | Depths:4 | Reached skill level 11 in Charms
 71260 | Depths:5 | Reached XP level 26. HP: 207/261 MP: 37/37
 71303 | Depths:5 | Received a gift from Okawaru
 71303 | Depths:5 | Reached skill level 12 in Charms
 71368 | Depths:5 | Found a gate to the Realm of Zot.
 71374 | Depths:5 | Received a gift from Okawaru
 71394 | Depths:5 | Got an ancient hand crossbow {god gift}
 71658 | Depths:5 | Reached skill level 13 in Charms
 71662 | Depths:5 | Got a heavily runed bone ring
 71671 | Depths:5 | Identified the ring of Taikiwef {+Inv SInv} (You took it off a mottled draconian on level 5 of the Depths)
 72430 | Slime:1  | Entered Level 1 of the Pits of Slime
 72829 | Slime:4  | Gained mutation: Your magical capacity is low (-10% MP). [a shining eye]
 72933 | Slime:3  | Reached skill level 14 in Charms
 73034 | Slime:3  | HP: 58/261 [acid (38)]
 73233 | Slime:4  | Received a gift from Okawaru
 73512 | Slime:6  | Entered Level 6 of the Pits of Slime
 73530 | Slime:6  | Received a gift from Okawaru
 73549 | Slime:6  | Noticed the royal jelly
 73737 | Slime:6  | Gained mutation: You expend magic power (3 MP) to strengthen your wands. [a shining eye]
 73944 | Slime:6  | Reached skill level 15 in Charms
 73953 | Slime:6  | Found a viscous altar of Jiyva.
 74071 | Slime:6  | Killed the royal jelly
 74160 | Slime:6  | Got a brightly glowing pewter ring
 74162 | Slime:6  | Identified the ring "Eloyxili" {rElec MR+ Int+2 Dex+4} (You found it on level 6 of the Pits of Slime)
 74190 | Slime:6  | Identified a +1 lightning rod (12/12) (You found it on level 6 of the Pits of Slime)
 74195 | Slime:6  | Got a slimy rune of Zot
 74221 | Slime:6  | Got a scorched emerald amulet
 74222 | Slime:6  | Identified the amulet "Atyatu" {Clar MR+ MP-9 Str+9} (You found it on level 6 of the Pits of Slime)
 74363 | Slime:6  | Identified the Collected Works on the Evil Escort
 74615 | Lair:1   | Upgraded the game from 0.18-a0-337-g1235303 to 0.18-a0-373-gaf408bd
 74903 | Vaults:5 | Entered Level 5 of the Vaults
 74956 | Vaults:4 | Reached skill level 16 in Charms
 75131 | Vaults:4 | Received a gift from Okawaru
 75410 | Vaults:5 | Reached skill level 11 in Spellcasting
 75462 | Vaults:5 | Reached XP level 27. HP: 256/268 MP: 34/34
 75656 | Vaults:5 | Reached skill level 17 in Charms
 75746 | Vaults:5 | Identified Neorequmn's Papyrus of Summoning and Ice
 75953 | Vaults:5 | Received a gift from Okawaru
 75953 | Vaults:5 | Reached skill level 12 in Spellcasting
 76018 | Vaults:5 | Got a brightly glowing spear {god gift}
 76169 | Vaults:5 | Got a silver rune of Zot
 76285 | Vaults:5 | Got a slimy war axe {flame}
 76395 | Vaults:5 | Received a gift from Okawaru
 76635 | Vaults:5 | Received a gift from Okawaru
 76635 | Vaults:5 | Reached skill level 13 in Spellcasting
 76644 | Vaults:5 | Got a pitted naga barding {god gift}
 76645 | Vaults:5 | Identified the +0 naga barding of the Gloaming {rElec rC+ Stlth-} (Okawaru gifted it to you on level 5 of the Vaults)
 76775 | Vaults:5 | Identified the Tome of the Compass (You found it on level 5 of the Vaults)
 76906 | Vaults:5 | Reached skill level 18 in Charms
 76984 | Vaults:5 | Got a steaming plate armour
 76985 | Vaults:5 | Identified the +0 plate armour of Submission {+Blink Str+7 Int-5} (You found it on level 5 of the Vaults)
 77305 | Vaults:5 | Reached skill level 11 in Translocations
 78604 | Zot:1    | Entered Level 1 of the Realm of Zot
 78657 | Zot:1    | Reached skill level 1 in Hexes
 78812 | Zot:1    | Reached skill level 2 in Hexes
 79134 | Zot:1    | Reached skill level 3 in Hexes
 79228 | Zot:1    | Received a gift from Okawaru
 79644 | Zot:1    | Received a gift from Okawaru
 79945 | Zot:1    | Got a warped robe
 80026 | Zot:2    | Identified a scroll of acquirement
 80058 | Zot:2    | Reached skill level 4 in Hexes
 80601 | Zot:2    | Got a steaming amber ring
 80656 | Zot:2    | Identified the ring of Sarhehup {+/*Tele *Drain rC+ Int-2 Dex+8} (You found it on level 2 of the Realm of Zot)
 80803 | Zot:2    | Reached skill level 5 in Hexes
 80826 | Zot:2    | Reached skill level 16 in Throwing
 81577 | Zot:3    | Noticed an ancient lich
 81579 | Zot:3    | HP: 63/268 [??? (61)]
 81775 | Zot:3    | Reached skill level 16 in Evocations
 81789 | Zot:3    | Reached skill level 6 in Hexes
 81882 | Zot:3    | Received a gift from Okawaru
 81992 | Zot:3    | Got a translucent ring mail
 82003 | Zot:3    | Identified the cursed +1 ring mail of the Bard {MR++ Int-3 Dex+3} (You found it on level 3 of the Realm of Zot)
 82246 | Zot:3    | Got a bound lead amulet
 82424 | Zot:3    | Received a gift from Okawaru
 82495 | Zot:3    | Received a gift from Okawaru
 82872 | Zot:3    | Identified the amulet "Radiun" {+Blink Regen+ MP+9 Int-3} (You found it on level 3 of the Realm of Zot)
 83158 | Zot:3    | Killed an ancient lich
 83158 | Zot:3    | Reached skill level 17 in Throwing
 83183 | Zot:3    | Received a gift from Okawaru
 83218 | Zot:3    | Got a brightly glowing broad axe {god gift}
 83256 | Zot:3    | Reached skill level 14 in Armour
 83562 | Zot:3    | Received a gift from Okawaru
 84478 | Zot:4    | Reached skill level 10 in Dodging
 84714 | Zot:4    | Reached skill level 18 in Throwing
 85116 | Zot:4    | Got a steaming ring mail
 85127 | Zot:4    | Identified the +3 ring mail of Hairiness {+Fly Int-4 Dex+4} (You found it on level 4 of the Realm of Zot)
 85326 | Zot:5    | Entered Level 5 of the Realm of Zot
 85359 | Zot:4    | Received a gift from Okawaru
 85359 | Zot:4    | Reached skill level 11 in Dodging
 85534 | Zot:5    | Found a huge runed gate.
 85534 | Zot:5    | Found a huge runed gate.
 85534 | Zot:5    | Found a huge runed gate.
 85534 | Zot:5    | Found a huge runed gate.
 85534 | Zot:5    | Found a huge runed gate.
 85534 | Zot:5    | Found a huge runed gate.
 85534 | Zot:5    | Found a huge runed gate.
 85559 | Zot:5    | Found a huge runed gate.
 85559 | Zot:5    | Found a huge runed gate.
 85559 | Zot:5    | Found a huge runed gate.
 85566 | Zot:5    | Found a huge runed gate.
 85566 | Zot:5    | Found a huge runed gate.
 85566 | Zot:5    | Found a huge runed gate.
 85566 | Zot:5    | Found a huge runed gate.
 85566 | Zot:5    | Found a huge runed gate.
 85566 | Zot:5    | Found a huge runed gate.
 85566 | Zot:5    | Found a huge runed gate.
 85722 | Zot:5    | Found a huge runed gate.
 85723 | Zot:5    | Found a huge runed gate.
 85723 | Zot:5    | Found a huge runed gate.
 85724 | Zot:5    | Found a huge runed gate.
 85724 | Zot:5    | Found a huge runed gate.
 85725 | Zot:5    | Found a huge runed gate.
 85726 | Zot:5    | Found a huge runed gate.
 85727 | Zot:5    | Found a huge runed gate.
 85728 | Zot:5    | Found a huge runed gate.
 85729 | Zot:5    | Found a huge runed gate.
 85730 | Zot:5    | Found a huge runed gate.
 85738 | Zot:5    | Found a huge runed gate.
 85738 | Zot:5    | Found a huge runed gate.
 85738 | Zot:5    | Found a huge runed gate.
 85738 | Zot:5    | Found a huge runed gate.
 85807 | Zot:5    | Found a huge runed gate.
 85808 | Zot:5    | Found a huge runed gate.
 85809 | Zot:5    | Found a huge runed gate.
 85810 | Zot:5    | Found a huge runed gate.
 86082 | Zot:5    | Noticed an ancient lich
 86113 | Zot:5    | Noticed an ancient lich
 86115 | Zot:5    | Received a gift from Okawaru
 86120 | Zot:5    | Killed an ancient lich
 86120 | Zot:5    | Reached skill level 12 in Dodging
 86130 | Zot:5    | Killed an ancient lich
 86130 | Zot:5    | Reached skill level 19 in Throwing
 86247 | Zot:5    | Noticed an ancient lich
 86248 | Zot:5    | Noticed an ancient lich
 86262 | Zot:5    | Noticed an orb of fire
 86281 | Zot:5    | Killed an orb of fire
 86290 | Zot:5    | Received a gift from Okawaru
 86329 | Zot:5    | Got a warped morningstar {god gift}
 86379 | Zot:5    | Noticed an ancient lich
 86392 | Zot:5    | HP: 66/268 [???[an ancient lich] (63)]
 86395 | Zot:5    | Killed an ancient lich
 86557 | Zot:5    | Noticed an orb of fire
 86564 | Zot:5    | Killed an orb of fire
 86582 | Zot:5    | Reached skill level 13 in Dodging
 86611 | Zot:5    | Received a gift from Okawaru
 86697 | Zot:5    | Received a gift from Okawaru
 86748 | Zot:5    | Noticed an ancient lich
 86750 | Zot:5    | Noticed an orb of fire
 86752 | Zot:5    | Noticed an ancient lich
 86757 | Zot:5    | Killed an ancient lich
 86761 | Zot:5    | Killed an orb of fire
 86767 | Zot:5    | Killed an ancient lich
 86767 | Zot:5    | Reached skill level 20 in Throwing
 86775 | Zot:5    | Received a gift from Okawaru
 86789 | Zot:5    | Reached skill level 17 in Evocations
 87195 | Zot:5    | Killed an ancient lich
 87396 | Zot:5    | Got the Orb of Zot
 87449 | Zot:5    | Received a gift from Okawaru
 87581 | Zot:3    | Reached skill level 18 in Evocations
 87766 | Depths:3 | Received a gift from Okawaru
 87767 | Depths:3 | Got a distressingly furry hat {god gift}
 88131 | D:9      | Noticed Qouqeer the pandemonium lord
 88141 | D:9      | HP: 100/402 [??? (98)]
 88143 | D:9      | Killed Qouqeer the pandemonium lord
 88206 | D:8      | Gained mutation: You are dopey. (Int -2) [a cacodemon]
 88301 | D:8      | Reached skill level 19 in Evocations
 88462 | D:6      | Noticed Zefuoxef the pandemonium lord
 88479 | D:6      | Killed Zefuoxef the pandemonium lord
 88479 | D:6      | Received a gift from Okawaru
 88530 | D:5      | Lost mutation: Your muscles are strong. (Str +2) [mutagenic glow]
 88536 | D:5      | Noticed Rululet the pandemonium lord
 88536 | D:5      | HP: 66/268 [???[Rululet] (64)]
 88559 | D:5      | Killed Rululet the pandemonium lord
 88565 | D:5      | Gained mutation: You are weak. (Str -2) [mutagenic glow]
 88624 | D:1      | Gained mutation: You are agile. (Dex +2) [mutagenic glow]
 88646 | D:1      | Lost mutation: You are agile. (Dex +2) [potion of cure mutation]
 88646 | D:1      | Lost mutation: Your magical capacity is low (-10% MP). [potion of cure mutation]
 88646 | D:1      | Lost mutation: You expend magic power (3 MP) to strengthen your wands. [potion of cure mutation]
 88647 | D:1      | Lost mutation: You are dopey. (Int -2) [potion of cure mutation]
 88647 | D:1      | Lost mutation: You are weak. (Str -2) [potion of cure mutation]
 88652 | D:$      | Escaped with the Orb!

Vault maps used:
D:1:      lordsloth_arrival_two_stooges
D:2:      nicolae_overflow_crystal_walls, tgw_kikubaaqudgha,
          uniq_crazy_yiuf_cottage
D:3:      lemuel_round_altar, first_bread
D:5:      fiery_altar_vehumet, lemuel_temple_firewalk_marked, uniq_sigmund
D:6:      roderic_lattice_a, hangedman_abyss_or_decor_stagger, uniq_grinder
D:7:      grunt_temple_overflow_open
D:8:      minitemple, basic_altar, serial_shops, nicolae_shop_crystal, shop,
          kennysheep_little_box, nicolae_shop_crystal
D:10:     minmay_lair_entry_grove, uniq_nergalle
D:11:     uniq_grum, uniq_harold
D:12:     orc_0_dummy, uniq_rupert, uniq_urug
D:13:     david_vaults_1
D:14:     uniq_louise
D:15:     grunt_enter_depths_magical_seal, lemuel_tele_altar,
          minmay_misc_feat_cross, minmay_fountain_box, grunt_ministairs_14,
          grunt_gozag_breadcrumbs
Temple:   minmay_temple_bridge_a_8
Lair:1:   lemuel_fruit_tree, uniq_fannar
Lair:2:   gammafunk_lair_bear_cave, serial_bayou_pond_a, lemuel_fruit_fields,
          infiniplex_staircase_pool
Lair:3:   lab_entry_generic, grunt_megastairs_1, lemuel_fruit_fields
Lair:4:   uniq_maud
Lair:5:   beast_lair_carwin_large_1, minmay_shoals_entry_beasts,
          spider_nest_entry_web_field, serial_bayou_lagoon_a
Lair:6:   slime_dummy, beast_lair_carwin_11, infiniplex_staircase_pool_2
Lair:7:   kennysheep_rathole, serial_bayou_shore_b
Lair:8:   due_jungle_book, patterned_corridor, uniq_josephine
Shoals:1: st_shoals_ruin
Shoals:2: cheibrodos_shoals_oceanic_diplomacy, serial_shops, shop
Shoals:3: uniq_aizul, uniq_jorgrun
Shoals:4: shoals_end_hangedman, shoal_ilsuiw, portal_ice_cave_entry_ugly_swarm,
          serial_shops, nicolae_shop_behind_doors
Spider:1: uniq_donald
Spider:2: einodemon_crawler_minivault, nicolae_spider_cling_halls
Spider:3: uniq_arachne, uniq_roxanne
Spider:4: grunt_spider_rune_circles, hangedman_stitches_earthworm, uniq_kirke
Slime:3:  cheibrodos_slime_lost_civilization_6
Orc:1:    lightli_volcano_entry_magma_tube, nooodl_orcs_dogs
Orc:2:    guppyfry_library_mini
Orc:3:    nicolae_orc_pool_cavern, nicolae_orc_lost_temple
Orc:4:    grunt_orc_cross, basic_altar
Elf:1:    minmay_elf_arrival_circle, hangedman_elven_crosses_minicolossus
Elf:2:    hangedman_elf_simple_split, uniq_asterion, uniq_azrael
Elf:3:    elf_hall_gauntlet_narrow
Vaults:1: ontoclasm_vaults_bender, ontoclasm_vaults_twist, v_misc_27,
          nicolae_vaults_little_squares_6, v_alt_pattern_6, grunt_vaults_funnel,
          vaults_standard_mumra_x, v_misc_1, nicolae_vaults_alarming,
          nicolae_vaults_asterisk, vaults_dpeg_hooks
Vaults:2: ontoclasm_vaults_misaligned, ontoclasm_vaults_chip,
          vaults_room_semicircle, v_misc_14, vaults_dpeg_ring,
          vaults_dpeg_encased_lava, v_pattern_3, nicolae_vaults_asterisk,
          vaults_dpeg_diagonal, serial_glass
Vaults:3: grunt_vaults_focal, nicolae_vaults_little_ls, vaults_room_fancy_cross,
          grunt_vaults_hallway_short, minmay_crypt_entry_skeletal_spiral,
          nicolae_vaults_little_squares_4, nicolae_vaults_murderbox,
          hangedman_vaults_cutoff, nicolae_vaults_asterisk, v_misc_2, v_rooms_1,
          vaults_room_semicircle, nicolae_vaults_rhombus_6, vaults_room_hallway,
          nicolae_vaults_asterisk, serial_shops, nicolae_shop_stone, basic_altar
Vaults:4: hangedman_vaults_impose, v_misc_28, hangedman_vaults_maws,
          nicolae_vaults_diagonal_hallway_7, v_pattern_5, v_misc_2,
          nicolae_vaults_diagonal_hallway_6, nicolae_vaults_little_squares_2,
          nicolae_vaults_ring_of_whatevers
Vaults:5: serial_shops
Crypt:1:  wad_floor_pattern_1, minicrypt_bobbens
Crypt:3:  grunt_crypt_end_deaths_head, uniq_margery
Depths:1: lightli_eight_chambers, nrook_uturn, serial_shops,
          nicolae_shop_behind_doors, hangedman_coc_ice_floe,
          hangedman_abyss_or_decor_clamps, firewood_loft
Depths:2: minmay_distorted_concentric_squares, abyss_entry_small_statue_room,
          hangedman_geh_valley, minmay_misc_feat_columns,
          infiniplex_staircase_squiggle
Depths:3: minmay_octo_star, grunt_pan_entry_spiral, hell_entry,
          minmay_misc_feat_ornament
Depths:4: wad_statue_garden, enter_ziggurat_b, serial_sigils_hangedman_leer,
          abyss_entry, grunt_hell_horde, minmay_staircase_bubble
Depths:5: evilmike_zot_entry_diamond, abandoned_shop, grunt_hell_entry_dis_mu,
          uniq_boris
Zot:1:    grunt_megastairs_4
Zot:3:    grunt_deathspiral_small, hangedman_spider_trapstep
Zot:5:    st_stairs_3, door_vault
Lab:      nicolae_lab_do_over, labyrinth_skeletal_remains
IceCv:    ice_cave_caverns_02
Volcano:  volcano_grotto

Action                   |  1- 3 |  4- 6 |  7- 9 | 10-12 | 13-15 | 16-18 | 19-21 | 22-24 | 25-27 || total
-------------------------+-------+-------+-------+-------+-------+-------+-------+-------+-------++-------
Melee: Unarmed           |   106 |   193 |   269 |   851 |  1345 |  2269 |  1999 |  1688 |  2575 || 11295
 Fire: Longbow           |       |       |       |       |    35 |       |       |       |       ||    35
       Blowgun           |       |       |       |       |       |    82 |       |       |       ||    82
Throw: Stone             |     7 |    68 |   115 |   202 |   640 |   446 |    44 |       |       ||  1522
       Tomahawk          |       |       |     8 |   120 |       |   151 |   502 |   736 |   383 ||  1900
       Javelin           |       |       |       |       |     3 |     2 |       |    22 |  1089 ||  1116
 Cast: Blink             |       |       |       |       |       |       |       |       |    26 ||    26
       Apportation       |       |       |       |       |       |       |       |       |    24 ||    24
       Haste             |       |       |       |       |       |       |       |       |    19 ||    19
       Portal Projectile |       |       |       |       |       |       |       |       |    19 ||    19
       Phase Shift       |       |       |       |       |       |       |       |       |    15 ||    15
       Sublimation of Bl |       |       |       |       |       |       |       |       |    33 ||    33
       Confusing Touch   |       |       |       |       |       |       |       |       |    22 ||    22
       Regeneration      |       |       |       |       |       |       |       |       |    19 ||    19
       Tukima's Dance    |       |       |       |       |       |       |       |       |     2 ||     2
       Summon Butterflie |       |       |       |       |       |       |       |       |     1 ||     1
Invok: Heroism           |       |       |     2 |     7 |    11 |     6 |    10 |     8 |    25 ||    69
       Finesse           |       |       |       |       |     1 |       |       |       |       ||     1
 Abil: Spit Poison       |    23 |    20 |    28 |     6 |       |    23 |       |     1 |     1 ||   102
       Evoke Flight      |       |       |       |       |       |     1 |     1 |       |       ||     2
Evoke: Wand              |       |       |     3 |       |     1 |       |     2 |       |     7 ||    13
       Lamp of fire      |       |       |       |       |     1 |       |     1 |       |     1 ||     3
       Piece from Xom's  |       |       |       |       |     1 |       |       |       |       ||     1
       Rod               |       |       |       |       |       |       |    37 |    35 |    48 ||   120
       Sack of spiders   |       |       |       |       |       |       |       |       |     4 ||     4
       Fan of gales      |       |       |       |       |       |       |       |       |     1 ||     1
  Use: Scroll            |     2 |     4 |     8 |    10 |    17 |    23 |    17 |    10 |    21 ||   112
       Potion            |       |       |     2 |       |     1 |     2 |     2 |       |    17 ||    24
 Stab: Sleeping          |       |     1 |     1 |     2 |     1 |       |       |       |       ||     5
       Distracted        |       |     1 |       |       |     1 |       |     1 |     1 |       ||     4
       Paralysed         |       |       |     4 |       |       |       |       |       |       ||     4
       Confused          |       |       |       |       |       |       |       |       |    15 ||    15
  Eat: Chunk             |     4 |     7 |    13 |    21 |    17 |    17 |    19 |    17 |    26 ||   141
       Pizza             |       |       |       |     2 |     1 |     1 |     1 |     2 |     2 ||     9
       Royal jelly       |       |       |       |     1 |     1 |     2 |       |     1 |       ||     5
       Bread ration      |       |       |       |       |     1 |     1 |     2 |     5 |     6 ||    15
       Beef jerky        |       |       |       |       |     7 |     3 |     3 |       |     3 ||    16
       Fruit             |       |       |       |       |     3 |       |       |       |     7 ||    10
       Meat ration       |       |       |       |       |       |     3 |     4 |       |    13 ||    20

Vault maps used:
D:1:      lordsloth_arrival_two_stooges
D:2:      nicolae_overflow_crystal_walls, tgw_kikubaaqudgha,
          uniq_crazy_yiuf_cottage
D:3:      lemuel_round_altar, first_bread
D:5:      fiery_altar_vehumet, lemuel_temple_firewalk_marked, uniq_sigmund
D:6:      roderic_lattice_a, hangedman_abyss_or_decor_stagger, uniq_grinder
D:7:      grunt_temple_overflow_open
D:8:      minitemple, basic_altar, serial_shops, nicolae_shop_crystal, shop,
          kennysheep_little_box, nicolae_shop_crystal
D:10:     minmay_lair_entry_grove, uniq_nergalle
D:11:     uniq_grum, uniq_harold
D:12:     orc_0_dummy, uniq_rupert, uniq_urug
D:13:     david_vaults_1
D:14:     uniq_louise
D:15:     grunt_enter_depths_magical_seal, lemuel_tele_altar,
          minmay_misc_feat_cross, minmay_fountain_box, grunt_ministairs_14,
          grunt_gozag_breadcrumbs
Temple:   minmay_temple_bridge_a_8
Lair:1:   lemuel_fruit_tree, uniq_fannar
Lair:2:   gammafunk_lair_bear_cave, serial_bayou_pond_a, lemuel_fruit_fields,
          infiniplex_staircase_pool
Lair:3:   lab_entry_generic, grunt_megastairs_1, lemuel_fruit_fields
Lair:4:   uniq_maud
Lair:5:   beast_lair_carwin_large_1, minmay_shoals_entry_beasts,
          spider_nest_entry_web_field, serial_bayou_lagoon_a
Lair:6:   slime_dummy, beast_lair_carwin_11, infiniplex_staircase_pool_2
Lair:7:   kennysheep_rathole, serial_bayou_shore_b
Lair:8:   due_jungle_book, patterned_corridor, uniq_josephine
Shoals:1: st_shoals_ruin
Shoals:2: cheibrodos_shoals_oceanic_diplomacy, serial_shops, shop
Shoals:3: uniq_aizul, uniq_jorgrun
Shoals:4: shoals_end_hangedman, shoal_ilsuiw, portal_ice_cave_entry_ugly_swarm,
          serial_shops, nicolae_shop_behind_doors
Spider:1: uniq_donald
Spider:2: einodemon_crawler_minivault, nicolae_spider_cling_halls
Spider:3: uniq_arachne, uniq_roxanne
Spider:4: grunt_spider_rune_circles, hangedman_stitches_earthworm, uniq_kirke
Slime:3:  cheibrodos_slime_lost_civilization_6
Orc:1:    lightli_volcano_entry_magma_tube, nooodl_orcs_dogs
Orc:2:    guppyfry_library_mini
Orc:3:    nicolae_orc_pool_cavern, nicolae_orc_lost_temple
Orc:4:    grunt_orc_cross, basic_altar
Elf:1:    minmay_elf_arrival_circle, hangedman_elven_crosses_minicolossus
Elf:2:    hangedman_elf_simple_split, uniq_asterion, uniq_azrael
Elf:3:    elf_hall_gauntlet_narrow
Vaults:1: ontoclasm_vaults_bender, ontoclasm_vaults_twist, v_misc_27,
          nicolae_vaults_little_squares_6, v_alt_pattern_6, grunt_vaults_funnel,
          vaults_standard_mumra_x, v_misc_1, nicolae_vaults_alarming,
          nicolae_vaults_asterisk, vaults_dpeg_hooks
Vaults:2: ontoclasm_vaults_misaligned, ontoclasm_vaults_chip,
          vaults_room_semicircle, v_misc_14, vaults_dpeg_ring,
          vaults_dpeg_encased_lava, v_pattern_3, nicolae_vaults_asterisk,
          vaults_dpeg_diagonal, serial_glass
Vaults:3: grunt_vaults_focal, nicolae_vaults_little_ls, vaults_room_fancy_cross,
          grunt_vaults_hallway_short, minmay_crypt_entry_skeletal_spiral,
          nicolae_vaults_little_squares_4, nicolae_vaults_murderbox,
          hangedman_vaults_cutoff, nicolae_vaults_asterisk, v_misc_2, v_rooms_1,
          vaults_room_semicircle, nicolae_vaults_rhombus_6, vaults_room_hallway,
          nicolae_vaults_asterisk, serial_shops, nicolae_shop_stone, basic_altar
Vaults:4: hangedman_vaults_impose, v_misc_28, hangedman_vaults_maws,
          nicolae_vaults_diagonal_hallway_7, v_pattern_5, v_misc_2,
          nicolae_vaults_diagonal_hallway_6, nicolae_vaults_little_squares_2,
          nicolae_vaults_ring_of_whatevers
Vaults:5: serial_shops
Crypt:1:  wad_floor_pattern_1, minicrypt_bobbens
Crypt:3:  grunt_crypt_end_deaths_head, uniq_margery
Depths:1: lightli_eight_chambers, nrook_uturn, serial_shops,
          nicolae_shop_behind_doors, hangedman_coc_ice_floe,
          hangedman_abyss_or_decor_clamps, firewood_loft
Depths:2: minmay_distorted_concentric_squares, abyss_entry_small_statue_room,
          hangedman_geh_valley, minmay_misc_feat_columns,
          infiniplex_staircase_squiggle
Depths:3: minmay_octo_star, grunt_pan_entry_spiral, hell_entry,
          minmay_misc_feat_ornament
Depths:4: wad_statue_garden, enter_ziggurat_b, serial_sigils_hangedman_leer,
          abyss_entry, grunt_hell_horde, minmay_staircase_bubble
Depths:5: evilmike_zot_entry_diamond, abandoned_shop, grunt_hell_entry_dis_mu,
          uniq_boris
Zot:1:    grunt_megastairs_4
Zot:3:    grunt_deathspiral_small, hangedman_spider_trapstep
Zot:5:    st_stairs_3, door_vault
Lab:      nicolae_lab_do_over, labyrinth_skeletal_remains
IceCv:    ice_cave_caverns_02
Volcano:  volcano_grotto

Table legend:
 A = Turns spent in this place as a percentage of turns spent in the entire game.
 B = Non-inter-level travel turns spent in this place as a percentage of non-inter-level travel turns spent in the entire game.
 C = Inter-level travel turns spent in this place as a percentage of turns spent in this place.
 D = Turns resting spent in this place as a percentage of non-inter-level travel turns spent in this place.
 E = Turns spent auto-exploring this place as a percentage of non-inter-level travel turns spent in this place.
 F = Non-inter-level travel turns spent in this place divided by the number of levels of this place that you've seen.
                   A       B       C       D       E      F
               +-------+-------+-------+-------+-------+----------------------
         Total | 100.0 | 100.0 |   0.9 |   1.9 |   7.2 | 607.5
       Dungeon |  17.1 |  17.1 |   1.2 |   1.9 |   8.5 | 455.9
        Temple |   0.1 |   0.1 |   8.7 |   0.0 |  14.3 |  21.0
          Lair |  12.2 |  12.1 |   1.5 |   1.8 |   5.8 | 608.9
        Shoals |   7.1 |   7.1 |   0.5 |   2.2 |   6.8 | 713.0
   Spider Nest |   7.4 |   7.4 |   0.5 |   2.1 |   5.6 | 741.8
    Slime Pits |   2.3 |   2.3 |   0.4 |   4.1 |   0.0 | 154.0
  Orcish Mines |   5.1 |   5.1 |   0.8 |   0.6 |  10.7 | 508.0
   Elven Halls |   4.2 |   4.2 |   0.7 |   2.6 |  10.8 | 557.7
        Vaults |  13.6 |  13.6 |   0.9 |   1.6 |   8.1 | 1091.2
         Crypt |   7.0 |   7.1 |   0.3 |   0.7 |   6.4 | 943.0
        Depths |   9.8 |   9.8 |   0.8 |   1.4 |   7.6 | 788.4
           Zot |  11.7 |  11.7 |   1.1 |   3.2 |   6.2 | 937.4
     Labyrinth |   0.6 |   0.6 |   0.0 |   0.8 |   0.0 | 256.0
      Ice Cave |   1.5 |   1.5 |   0.0 |   1.7 |   4.0 | 604.0
       Volcano |   0.4 |   0.4 |   0.0 |   0.0 |   4.1 | 145.0
               +-------+-------+-------+-------+-------+----------------------

Table legend:
 A = Kills in this place as a percentage of kills in entire the game.
 B = Kills by you in this place as a percentage of kills by you in the entire game.
 C = Kills by friends in this place as a percentage of kills by friends in the entire game.
 D = Other kills in this place as a percentage of other kills in the entire game.
 E = Experience gained in this place as a percentage of experience gained in the entire game.
 F = Experience gained in this place divided by the number of levels of this place that you have seen.
                   A       B       C       D       E      F
               +-------+-------+-------+-------+-------+----------------------
         Total | 100.0 | 100.0 | 100.0 | 100.0 | 100.0 | 29651.9
       Dungeon |  15.7 |  15.7 | 100.0 |   0.0 |   6.5 | 8522.2
          Lair |  11.5 |  11.5 |   0.0 |  18.2 |   4.5 | 11082.8
        Shoals |   6.0 |   6.0 |   0.0 |   9.1 |   5.5 | 26869.5
   Spider Nest |   6.5 |   6.5 |   0.0 |   0.0 |   5.0 | 24459.5
    Slime Pits |   2.8 |   2.8 |   0.0 |  18.2 |   3.3 | 10778.5
  Orcish Mines |   8.1 |   8.2 |   0.0 |   0.0 |   1.1 | 5203.8
   Elven Halls |   3.9 |   3.9 |   0.0 |   0.0 |   4.2 | 27625.7
        Vaults |  16.4 |  16.4 |   0.0 |   0.0 |  18.8 | 73734.8
         Crypt |   8.1 |   8.1 |   0.0 |   9.1 |   8.0 | 52444.3
        Depths |  11.6 |  11.6 |   0.0 |  18.2 |  17.2 | 67351.4
           Zot |   7.3 |   7.3 |   0.0 |  27.3 |  25.1 | 98104.4
     Labyrinth |   0.0 |   0.0 |   0.0 |   0.0 |   0.1 | 1144.0
      Ice Cave |   1.8 |   1.8 |   0.0 |   0.0 |   0.5 | 9229.0
       Volcano |   0.2 |   0.2 |   0.0 |   0.0 |   0.2 | 3195.0
               +-------+-------+-------+-------+-------+----------------------
